 Dungeon Crawl Stone Soup version 0.29-a0-194-g6e3aafee17 (webtiles) character file.

Game seed: 11683004175455804021

1337 bladeefan the Skirmisher (level 8, -1/96 HPs)
             Began as a Demonspawn Chaos Knight on Feb 22, 2022.
             Was a Plaything of Xom.
             Slain by an iguana (2 damage)
             ... on level 5 of the Dungeon.
             The game lasted 00:11:42 (5400 turns).

bladeefan the Skirmisher (Demonspawn Chaos Knight)  Turns: 5400, Time: 00:11:44

Health: -1/96      AC: 11    Str: 15    XL:     8   Next: 35%
Magic:  8/8        EV: 11    Int: 16    God:    Xom [......]
Gold:   98         SH:  0    Dex: 15    Spells: 7/7 levels left

rFire   . . .      SeeInvis .   k - +5 executioner's axe "Tojoleic" {flame, Will+ Str+2 Int+2 Dex-3}
rCold   . . .      Faith    .   (shield currently unavailable)
rNeg    . . .      Spirit   .   e - +0 scale mail
rPois   .          Reflect  .   (helmet restricted)
rElec   .          Harm     .   h - +1 cloak
rCorr   .          Rampage  .   (no gloves)
Will    +....                   d - +0 pair of boots
Stlth   ..........              (no amulet)
HPRegen 0.26/turn               b - +6 ring of dexterity
MPRegen 0.22/turn               g - +4 ring of slaying

@: berserking, about to teleport, very quick
A: horns 1, rugged brown scales 1, magic regeneration, beak, deterioration 1,
weak 1, no potion heal 1
a: Renounce Religion


You were on level 5 of the Dungeon.
You worshipped Xom.
You were a very special plaything of Xom.
You visited 1 branch of the dungeon, and saw 5 of its levels.
You also visited: Ossuary.

You collected 956 gold pieces.
You spent 858 gold pieces at shops.

Inventory:

Hand Weapons
 k - the +5 executioner's axe "Tojoleic" (weapon) {flame, Will+ Str+2 Int+2 Dex-3}
   (You acquired it on level 3 of the Dungeon)

   It burns those it strikes, dealing additional fire damage.
   Big, fiery blades are also staple armaments of hydra-hunters.
   Str:       It affects your strength (+2).
   Int:       It affects your intelligence (+2).
   Dex:       It affects your dexterity (-3).
   Will:      It increases your willpower.
Armour
 d - a +0 pair of boots (worn)
   (You found it on level 2 of the Dungeon)
 e - a +0 scale mail (worn)
   (You took it off Terence on level 2 of the Dungeon)
 h - a +1 cloak (worn)
   (You found it on level 2 of the Dungeon)
 r - a +0 robe
   (You found it on level 5 of the Dungeon)
Jewellery
 b - a +6 ring of dexterity (left hand)
   (You found it on level 3 of the Dungeon)
 g - a +4 ring of slaying (right hand)
   (You bought it in a shop on level 4 of the Dungeon)
Wands
 q - a wand of polymorph (6)
   (You found it on level 3 of the Dungeon)
Scrolls
 a - a scroll of identify {@r1}
 c - 4 scrolls of immolation {!r}
 i - a scroll of brand weapon
 m - a scroll of vulnerability {!r}
 p - 2 scrolls of teleportation {@r4}
Potions
 f - 3 potions of brilliance
 j - a potion of berserk rage
 l - 2 potions of haste {@q3}
 n - 2 potions of lignification {!q}
 o - a potion of curing {unknown}
 s - a potion of flight {unknown}


   Skills:
 + Level 5.4 Fighting
 * Level 3.6(5.0) Axes
 - Level 5.1(5.7) Maces & Flails
 + Level 4.4 Armour
 + Level 4.1 Dodging


You had 7 spell levels left.
You didn't know any spells.
Your spell library contained the following spells:

 Spells                   Type           Power      Damage    Failure   Level
 Corpse Rot               Necr/Air       0%         N/A       80%         2
 Poisonous Vapours        Pois/Air       0%         N/A       80%         2


Dungeon Overview and Level Annotations

Branches:
Dungeon (5/15)            Ossuary (visited)
 Temple: D:4-7

Altars:
Dithmenos
Elyvilon
Gozag
Kikubaaqudgha
Okawaru
Trog

Shops:
D:4 *


Innate Abilities, Weirdness & Mutations

You have a pair of small horns on your head.
You are partially covered in rugged brown scales. (AC +1, +3% HP)
You regenerate magic rapidly.
You have a beak for a mouth.
Your body sometimes deteriorates upon taking damage.
You are weak. (Str -2)
Potions are less effective at restoring your health.


Message History

The vampire mosquito draws strength from your injuries!
The vampire mosquito bites you!
* * * LOW HITPOINT WARNING * * *
The vampire mosquito draws strength from your injuries!
The iguana bites you but does no damage.
The vampire mosquito bites you.
* * * LOW HITPOINT WARNING * * *
The vampire mosquito draws strength from your injuries!
The vampire mosquito bites you but does no damage. x3 "The weather's been a little too boring around here."
The iguana barely misses you.
The vampire mosquito bites you but does no damage.
The vampire mosquito bites you.
* * * LOW HITPOINT WARNING * * *
The vampire mosquito draws strength from your injuries!
The vampire mosquito bites you.
* * * LOW HITPOINT WARNING * * *
The vampire mosquito draws strength from your injuries!
Okay, then.
As you read the scroll of teleportation {@r4}, it crumbles to dust.
You feel strangely unstable.
The vampire mosquito bites you but does no damage. x3
The iguana closely misses you. The vampire mosquito bites you.
* * * LOW HITPOINT WARNING * * *
The vampire mosquito draws strength from your injuries!
A red film seems to cover your vision as you go berserk!
You feel yourself moving faster!
You feel mighty! The vampire mosquito bites you.
* * * LOW HITPOINT WARNING * * *
The vampire mosquito draws strength from your injuries!
The vampire mosquito bites you.
* * * LOW HITPOINT WARNING * * *
The vampire mosquito draws strength from your injuries!
The vampire mosquito bites you but does no damage.
The iguana closely misses you.
The vampire mosquito closely misses you.
The vampire mosquito bites you!
* * * LOW HITPOINT WARNING * * *
The vampire mosquito draws strength from your injuries!
You slice the vampire mosquito!! You burn the vampire mosquito.
You destroy the vampire mosquito!
You barely miss the vampire mosquito. You slash the iguana!
You burn the iguana. You slice the vampire mosquito!!
You burn the vampire mosquito. The vampire mosquito bites you!
* * * LOW HITPOINT WARNING * * *
The vampire mosquito draws strength from your injuries!
The vampire mosquito bites you but does no damage.
The iguana bites you.
You die...
Xom chortles!

# ####### #. #.....#
.#.## #.###.#
..>..##########.# #.#
.............##.###.####
...........##...#.....
#.....!...###.######
#.lyy.......#.#
#.y@§.....#.#.# ##
#.§.§.....#.#.# ### .#
#.........#.#.####.# .#
#.........#.#.##.... .#
#.........#.#.#..... .#
##.#.####.#...#..... .#
#.#.# #.#####..... .#
..#.# #........... .# #.
.. ######.....


You could see 3 vampire mosquitoes and an iguana.

Vanquished Creatures
  Grinder (D:3)
  A vampire mosquito (D:5)
  An ice beast (D:5)
  An ogre (D:5)
  A centaur (D:5)
  2 phantoms (D:5)
  An elf zombie (Ossuary)
  A scorpion (D:5)
  A water moccasin zombie (D:5)
  2 water moccasin skeletons
  2 centaur zombies
  2 hounds
  2 orc priests
  A bullfrog skeleton (D:5)
  Jessica (D:3)
  An orc wizard (D:4)
  A mummy (Ossuary)
  3 adders (D:3)
  3 gnolls (D:4)
  3 adder zombies (Ossuary)
  An adder skeleton (D:4)
  3 worms
  2 dart slugs
  9 orcs
  3 endoplasms
  2 giant cockroaches
  5 goblins
  6 hobgoblins
  4 jackals
  4 kobolds
  5 ball pythons
  6 bats
  3 frilled lizards
  3 goblin zombies (Ossuary)
  5 hobgoblin zombies (Ossuary)
  6 kobold zombies (Ossuary)
  7 orc zombies (Ossuary)
  6 rats
  2 rat zombies (Ossuary)
113 creatures vanquished.

Vanquished Creatures (collateral kills)
  Terence (D:2)
1 creature vanquished.

Grand Total: 114 creatures vanquished

Notes
Turn   | Place    | Note
-------+----------+-------------------------------------------
     0 | D:1      | bladeefan the Demonspawn Chaos Knight began the quest for
                  | the Orb.
     0 | D:1      | Reached XP level 1. HP: 18/18 MP: 1/1
    38 | D:1      | XOM: silly message
    42 | D:1      | XOM: silly message
    80 | D:1      | Reached skill level 1 in Dodging
    97 | D:1      | Found a faded altar of an unknown god.
   122 | D:1      | Gained mutation: You have a pair of small horns on your
                  | head. [demonic ancestry]
   122 | D:1      | Reached XP level 2. HP: 20/24 MP: 2/2
   588 | D:1      | XOM: god gift: 728 gold pieces
   869 | D:2      | Reached XP level 3. HP: 29/29 MP: 3/3
   880 | D:2      | XOM: snakes to sticks
  1052 | D:2      | XOM: divination: detect creatures
  1404 | D:2      | XOM: divination: detect creatures
  1444 | D:3      | Noticed Terence
  1479 | D:3      | XOM: butterfly on damage
  1684 | D:2      | Killed Terence
  1685 | D:2      | Gained mutation: You are partially covered in rugged brown
                  | scales. (AC +1, +3% HP) [demonic ancestry]
  1685 | D:2      | Reached XP level 4. HP: 3/36 MP: 4/4
  2300 | D:3      | XOM: noise
  2342 | D:3      | Gained mutation: You regenerate magic rapidly. [demonic
                  | ancestry]
  2342 | D:3      | Reached XP level 5. HP: 42/42 MP: 5/5
  2451 | D:3      | Noticed Jessica
  2457 | D:3      | Killed Jessica
  2493 | D:3      | Found an iron altar of Okawaru.
  2495 | D:3      | Found an ancient bone altar of Kikubaaqudgha.
  2495 | D:3      | Found a shadowy altar of Dithmenos.
  2495 | D:3      | Found a bloodstained altar of Trog.
  2502 | D:3      | Noticed Grinder
  2503 | D:3      | Identified a scroll of acquirement
  2543 | D:3      | XOM: silly message
  2545 | D:3      | XOM: smoke on damage
  2556 | D:3      | HP: 2/43 [Grinder/nerve-wracking pain (13)]
  2556 | D:3      | XOM: butterfly on damage
  2579 | D:3      | XOM: summons 2 friendly demons
  2854 | D:3      | XOM: blink monster(s)
  2860 | D:3      | Paralysed by Grinder for 6 turns
  2865 | D:3      | XOM: potion effect (invisibility)
  2874 | D:3      | XOM: fake destruction
  3241 | D:2      | XOM: give mutations
  3241 | D:2      | Gained mutation: Potions are less effective at restoring
                  | your health. [Xom's mischief]
  3241 | D:2      | Gained mutation: You have a beak for a mouth. [Xom's
                  | mischief]
  3241 | D:2      | Gained mutation: Your body sometimes deteriorates upon
                  | taking damage. [Xom's mischief]
  3241 | D:2      | Gained mutation: You are dopey. (Int -2) [Xom's mischief]
  3254 | D:3      | Paralysed by Grinder for 3 turns
  3257 | D:3      | Killed Grinder
  3258 | D:3      | Reached XP level 6. HP: 18/49 MP: 6/6
  3470 | D:3      | Found an opulent altar of Gozag.
  3828 | D:4      | Reached skill level 5 in Maces & Flails
  3902 | D:4      | Reached XP level 7. HP: 56/56 MP: 7/7
  3908 | D:4      | XOM: smoke on damage
  3949 | D:4      | XOM: noise
  3950 | D:4      | XOM: chaos upgrade
  4236 | D:3      | Acquired the +5 executioner's axe "Tojoleic" {flame, Will+
                  | Str+2 Int+2 Dex-3}
  4317 | D:4      | Found a sand-covered staircase.
  4322 | Ossuary  | Entered an ossuary
  4394 | Ossuary  | Reached skill level 1 in Axes
  4450 | Ossuary  | XOM: fake destruction
  4492 | Ossuary  | XOM: 2-stop teleportation journey
  4543 | D:4      | Identified the +0 robe "Otiur" {Regen+ Str-5 Int+2}
  4565 | D:4      | Found Enie's General Store.
  4573 | D:4      | Bought a +4 ring of slaying for 858 gold pieces
  4627 | D:4      | XOM: summons 4 hostile demons
  4786 | D:5      | Entered Level 5 of the Dungeon
  4842 | D:5      | XOM: give mutations
  4842 | D:5      | Gained mutation: You are weak. (Str -2) [Xom's mischief]
  4842 | D:5      | Lost mutation: You are dopey. (Int -2) [Xom's mischief]
  4846 | D:5      | Reached skill level 5 in Fighting
  5128 | D:5      | Reached XP level 8. HP: 57/63 MP: 8/8
  5397 | D:5      | XOM: fog
  5400 | D:5      | HP: 1/96 [vampire mosquito (7)]
  5400 | D:5      | Slain by an iguana

Illustrated notes

Levels and vault maps discovered:
D:1:      minmay_arrival_four_houses, layout_loops_ring,
          hellmonk_ecumenical_altar_blasted
D:2:      layout_rooms
D:3:      layout_basic, minmay_overflow_temple_hex, uniq_grinder, uniq_terence,
          uniq_jessica
D:4:      layout_gridville, serial_shops, nicolae_square_shop,
          nicolae_ossuary_entry_plus, minmay_misc_feat_diagonals
D:5:      layout_basic

Skill      XL: |  1  2  3  4  5  6  7  8 |
---------------+-------------------------+-----
Dodging        | 1 2 3 4 |  4.1
Maces & Flails | 3 4 5 |  5.1
Armour         | 2 3 4 |  4.4
Fighting       | 4 5 |  5.4
Axes           | 2 3 |  3.6

Action                   |  1- 3 |  4- 6 |  7- 9 || total
-------------------------+-------+-------+-------++-------
Melee: Mace              |    73 |       |       ||    73
       Headbutt          |     5 |    22 |    13 ||    40
       Flail             |    10 |    90 |    25 ||   125
       Punch             |     1 |     1 |       ||     2
       Peck              |       |    10 |    20 ||    30
       Executioner's axe |       |       |    79 ||    79
  Use: Scroll            |     4 |     6 |     4 ||    14
       Potion            |       |     3 |     2 ||     5
 Stab: Invisible         |       |     1 |       ||     1
Armor: Leather armour    |    39 |       |       ||    39
       Scale mail        |       |    42 |    92 ||   134
Dodge: Dodged            |    83 |    42 |    94 ||   219

Table legend: (Time is in decaauts)
 A = Elapsed time spent in this place.
 B = Non-inter-level travel time spent in this place.
 C = Inter-level travel time spent in this place.
 D = Time resting spent in this place.
 E = Time spent auto-exploring this place.
 F = Levels seen in this place.
 G = Mean time per level.
                   A        B        C        D        E       F      G
               +--------+--------+--------+--------+--------+-----+--------+
         Total |   5491 |   5340 |    151 |   1478 |   2774 |   6 |  915.2 |
       Dungeon |   5242 |   5091 |    151 |   1478 |   2666 |   5 | 1048.4 |
       Ossuary |    249 |    249 |      0 |      0 |    108 |   1 |  249.0 |
               +--------+--------+--------+--------+--------+-----+--------+

Top non-repeatable levels by time:
     D:2: 1567 daAuts
     D:3: 1243 daAuts
     D:1: 1088 daAuts
     D:4: 716 daAuts
     D:5: 626 daAuts
 Ossuary: 249 daAuts
